 Dungeon Crawl Stone Soup version 0.24.0-123-gd5b16e6ec5 (webtiles) character file.

Game seed: 6978338891060248656, levelgen mode: deterministic

58 Norian the Conjurer (level 3, 0/19 HPs)
             Began as a Deep Elf Conjurer on Dec 18, 2019.
             Slain by a jackal (2 damage)
             ... on level 2 of the Dungeon.
             The game lasted 00:02:37 (1378 turns).

Norian the Conjurer (Deep Elf Conjurer)             Turns: 1378, Time: 00:02:37

Health: 0/19       AC:  2    Str:  6    XL:     3   Next: 76%
Magic:  1/10       EV: 13    Int: 19    God:
Gold:   84         SH:  0    Dex: 15    Spells: 7/10 levels left

rFire    . . .     SeeInvis .   (no weapon)
rCold    . . .     Gourm    .   (no shield)
rNeg     . . .     Faith    .   a - +0 robe
rPois    .         Spirit   .   (no helmet)
rElec    .         Reflect  .   (no cloak)
rCorr    .         Harm     .   (no gloves)
MR       .....                  (no boots)
Stlth    ++........             (no amulet)
HPRegen  0.06/turn              (no ring)
MPRegen  0.12/turn              (no ring)

@: no status effects
A: no striking features
a: no special abilities


You were on level 2 of the Dungeon.
You were not hungry.

You visited 1 branch of the dungeon, and saw 3 of its levels.

You collected 84 gold pieces.

Inventory:

Armour
 a - a +0 robe (worn)
Jewellery
 f - a cursed ring of teleportation {unknown}
 h - a cursed -4 ring of dexterity {unknown}
 l - an uncursed amulet of magic regeneration {unknown}
Scrolls
 b - 3 scrolls of remove curse {unknown}
 e - a scroll of random uselessness {unknown}
 g - a scroll of enchant weapon {unknown}
 i - 3 scrolls of fear {unknown}
 j - 2 scrolls of fog {unknown}
 k - a scroll of teleportation {unknown}
Potions
 d - a potion of heal wounds {unknown}
Comestibles
 c - 4 rations


   Skills:
 - Level 3.0 Dodging
 - Level 2.4 Stealth
 + Level 4.3 Spellcasting
 + Level 5.1 Conjurations


You had 7 spell levels left.
You knew the following spells:

 Your Spells              Type           Power        Failure   Level  Hunger
a - Magic Dart            Conj           ###.         1%          1    None
b - Searing Ray           Conj           ###...       2%          2    #......

Your spell library contained the following spells:

 Spells                   Type           Power        Failure   Level  Hunger
 Dazzling Spray           Conj/Hex       ##....       14%         3    ###....
 Iskenderun's Mystic Bla  Conj           ###.....     16%         4    ####...
 Force Lance              Conj/Tloc      ##......     43%         4    ####...
 Fulminant Prism          Conj/Hex       ##........   43%         4    ####...


Dungeon Overview and Level Annotations

Branches:
Dungeon (3/15)

Altars:
Fedhas
Gozag


Message History

Confirm with . or Enter, or press ? or * to list all spells.
You don't have enough magic to cast that spell.
You closely miss the jackal.
The jackal is almost dead.
The jackal closely misses you.
You barely miss the jackal.
The jackal is almost dead.
The jackal misses you.
You hit the jackal but do no damage.
The jackal is almost dead.
The jackal closely misses you. The jackal bites you.
* * * LOW HITPOINT WARNING * * *
Casting: Magic Dart (safe; 1% risk of failure)
Confirm with . or Enter, or press ? or * to list all spells.
You don't have enough magic to cast that spell.
Unknown command.
The jackal bites you.
* * * LOW HITPOINT WARNING * * *
The jackal bites you.
You die...

...........................>..#
##############.#####.##.#######
#############..# #.##.######
#..........###.####.##.#....#
##..........'......#.##.#.##.#
#...........###รท.#.#.##.#.##.#
#...........# #..#.#.##......#
#...........# #..#.#.####....#
#...........# ##@#.#.# #....#
##..........# #h....# ####.#
#...######### ##.##.#######.#
#.### #########.g..........##
#...# #.#.#.'.#..#.##...<...###
(##.# #.....#.##.#.............
.##.# ##..###.##.#.#.....#.....
....# #....#..##...............
.########[.####.###..#####.#.##..


You could see a jackal and a hobgoblin.

Vanquished Creatures
  An adder (D:2)
  A worm (D:2)
  4 dart slugs
  A giant cockroach (D:2)
  2 goblins
  7 hobgoblins
  3 jackals (D:3)
  9 bats
  3 frilled lizards
  5 kobolds
  5 rats
41 creatures vanquished.

Notes
Turn   | Place    | Note
-------+----------+-------------------------------------------
     0 | D:1      | Norian the Deep Elf Conjurer began the quest for the Orb.
     0 | D:1      | Reached XP level 1. HP: 10/10 MP: 6/6
   238 | D:1      | Reached XP level 2. HP: 13/15 MP: 6/8
   809 | D:2      | Found a blossoming altar of Fedhas.
   947 | D:2      | Found an opulent altar of Gozag.
  1038 | D:2      | Reached XP level 3. HP: 19/19 MP: 6/10
  1091 | D:2      | Reached skill level 5 in Conjurations
  1349 | D:3      | Learned a level 2 spell: Searing Ray
  1378 | D:2      | Slain by a jackal

Levels and vault maps discovered:
D:1:      dpeg_arrival_erosion, layout_basic
D:2:      minmay_wonky_spiral, layout_basic, fedhas_altar_4,
          nicolae_gozag_seed_capital
D:3:      layout_rooms, eat_drink_and_be_merry_uskayaw, serial_glass,
          glass_columns_b, glass_columns_c

Skill      XL: |  1  2  3 |
---------------+----------+-----
Dodging        | 3 |  3.0
Spellcasting   | 4 |  4.3
Conjurations   | 5 |  5.1
Stealth        | |  2.4

Action                   || total
-------------------------++-------
Melee: Club              ||    12
       Unarmed           ||     3
 Cast: Magic Dart        ||    80
       Searing Ray       ||     1
  Eat: Chunk             ||     1
Armor: Robe              ||    14
Dodge: Dodged            ||    58
